 Dungeon Sprint DCSS version 0.26-a0-1033-gd598b01645 (webtiles) character file.

Game seed: 13562405738513226530

1153 sahdkjhfkaj the Transmogrifier (level 8, -5/72 HPs)
             Began as an Octopode Transmuter on Dec 11, 2020.
             Was a Priest of Sif Muna.
             Slain by Bephie the pandemonium lord (26 damage)
             ... in the Dungeon (Sprint V: "Ziggurat Sprint").
             The game lasted 00:01:15 (138 turns).

sahdkjhfkaj the Transmogrifier (Octopode Transmuter) Turns: 138, Time: 00:01:16

Health: -5/72      AC:  1    Str: 21    XL:     8   Next: 38%
Magic:  1/21       EV: 14    Int: 30    God:    Sif Muna [***...]
Gold:   0          SH:  0    Dex: 24    Spells: 24/25 levels left

rFire    + . .     SeeInvis .   B - +7 Screaming Sword {vorpal, sonic wave}
rCold    + . .     Faith    .   (no shield)
rNeg     . . .     Spirit   .   (helmet restricted)
rPois    +         Reflect  .   (no amulet)
rElec    +         Harm     .   w - +6 ring of strength
rCorr    +         Rampage  .   v - +6 ring of strength
Will     .....     NoTele   +   u - +6 ring of intelligence
Stlth    ..........             t - +6 ring of intelligence
HPRegen  0.22/turn              s - +6 ring of dexterity
MPRegen  0.17/turn              r - +6 ring of dexterity
                                (no ring)
                                (no ring)

@: mighty, berserking, resistant, very slightly contaminated, hasted, invisible
(expiring), very quick
A: almost no armour, stealthy swim, amphibious, 8 rings, constrict 8, camouflage
1, gelatinous body 1
a: Channel Magic, Forget Spell, Renounce Religion


You were in the Dungeon.
You worshipped Sif Muna.
Sif Muna was most pleased with you.
You visited 1 branch

Inventory:

Hand Weapons
 B - the +7 Screaming Sword (weapon) {vorpal, sonic wave}
   (You found it in the Dungeon)

   It inflicts extra damage upon your enemies.
Jewellery
 q - an uncursed ring of flight
 r - a +6 ring of dexterity (on tentacle)
 s - a +6 ring of dexterity (on tentacle)
 t - a +6 ring of intelligence (on tentacle)
 u - a +6 ring of intelligence (on tentacle)
 v - a +6 ring of strength (right tentacle)
 w - a +6 ring of strength (left tentacle)
Wands
 x - a wand of disintegration (7)
 y - a wand of iceblast (7)
 z - a wand of acid (7)
Scrolls
 g - 4 scrolls of blinking
 j - 4 scrolls of amnesia
 l - 7 scrolls of fog
 m - a scroll of holy word
 n - 5 scrolls of identify
 o - 5 scrolls of remove curse
 p - 2 scrolls of fear
Potions
 a - 2 potions of brilliance
 b - 10 potions of curing
 c - 8 potions of heal wounds
 d - 4 potions of haste
 e - 7 potions of magic
 f - 2 potions of berserk rage
 h - a potion of invisibility
 i - 3 potions of resistance
 k - 4 potions of might
Miscellaneous
 A - a lightning rod (4/4)


   Skills:
 - Level 1.0 Fighting
 - Level 8.0 Long Blades
 - Level 2.0 Dodging
 - Level 3.0 Unarmed Combat
 + Level 9.0 Spellcasting
 + Level 9.7 Transmutations
 + Level 9.3 Earth Magic


You had 24 spell levels left.
You knew the following spells:

 Your Spells              Type           Power        Failure   Level
a - Beastly Appendage     Tmut           ######       1%          1

Your spell library contained the following spells:

 Spells                   Type           Power        Failure   Level
 Wereblood                Tmut           ######..     1%          2
 Spider Form              Tmut/Pois      #####.....   1%          3
 Blade Hands              Tmut           ######....   1%          5
 Ice Form                 Ice/Tmut       #####...     5%          4
 Yara's Violent Unravell  Hex/Tmut       #####.....   14%         5
 Cause Fear               Hex            ##........   36%         4
 Silence                  Hex/Air        ##........   71%         5
 Discord                  Hex            ##........   100%        8


Dungeon Overview and Level Annotations

Branches:
Dungeon (1/1)

Altars:
Ashenzari
Cheibriados
Dithmenos
Elyvilon
Fedhas
Gozag
Hepliaklqana
Kikubaaqudgha
Makhleb
Nemelex Xobeh
Okawaru
Qazlal
Ru
Sif Muna
Trog
Uskayaw
Vehumet
Wu Jian
Xom
Yredelemnul
Zin
The Shining One
Beogh
Jiyva
Lugonu

Annotations:
D 1 transporter


Innate Abilities, Weirdness & Mutations

You cannot wear most types of armour.
You are very stealthy in the water. (Stealth+)
You are amphibious.
You can wear up to eight rings at the same time.
You can use your tentacles to constrict eight enemies at once.
Your skin changes colour to match your surroundings (Stealth+).
Your rubbery body absorbs attacks. (AC +1, EV +1)


Message History

The mummy priest is moderately damaged.
The mummy is severely damaged.
The great orb of eyes bites you.
The mummy priest mumbles some strange prayers to its god.
Training target 8.0 for Long Blades reached!
Your Long Blades skill gained 3 levels and is now at level 8!
Your Spellcasting skill gained 2 levels and is now at level 9!
Your Transmutations skill gained 2 levels and is now at level 9!
Your Earth Magic skill gained 2 levels and is now at level 9!
You have reached level 7!
You have reached level 8!
Unknown command.
A red film seems to cover your vision as you go berserk!
You feel yourself moving faster!
You feel mighty! The great orb of eyes gazes at you.
You are blasted!
Ouch! That really hurt!
* * * LOW HITPOINT WARNING * * *
The mummy misses you. Bephie hits you!!
You die...

▓▓▓▓▓▓▓▓▓▓▓▓▓▓▓▓▓▓▓
▓.8©8.▓.8©8.▓.8©8.▓
▓GpV|.▓.=)}.▓.....▓
▓.@&4.▓.....▓...}.▓
▓M.Mz.▓.....▓.....▓
▓.....▓.....▓.....▓
▓.....▓.....▓..©..▓
▓..©..▓..©..▓▓▓▓▓▓▓
▓▓▓▓▓▓▓▓▓▓▓▓▓


You could see Bephie, a great orb of eyes, a mummy priest, a jiangshi
(summoned), an ironbrand convoker (catching breath), an ice devil, a flying
skull (summoned, wandering) and a mummy.

Vanquished Creatures
  A harpy (shapeshifter) (D)
  An orc knight (D)
  A hornet (D)
  An eye of draining (D)
  A jelly (D)
  A white imp (D)
  An ooze (D)
  An ufetubus (D)
  A bat simulacrum (D)
9 creatures vanquished.

Notes
Turn   | Place    | Note
-------+----------+-------------------------------------------
     0 | D        | sahdkjhfkaj the Octopode Transmuter began the quest for the
                  | Orb.
     0 | D        | Reached XP level 1. HP: 13/13 MP: 3/3
     0 | D        | Found a shimmering blue altar of Sif Muna.
     0 | D        | Found a sacrificial altar of Ru.
     0 | D        | Found a bloodstained altar of Trog.
     0 | D        | Found a stormy altar of Qazlal.
     0 | D        | Found an iron altar of Okawaru.
     0 | D        | Found a sparkling altar of Nemelex Xobeh.
     0 | D        | Found a blossoming altar of Fedhas.
     1 | D        | Found the +6 Majin-Bo {vamp, MP+6 Int+6}
     1 | D        | Found the +9 heavy crossbow "Sniper" {vorpal, Acc+∞ SInv}
     1 | D        | Found the +10 dark maul {vorpal}
     1 | D        | Found the +15 Maxwell's patent armour {-Cast -Tele rElec
                  | Will+ rCorr}
     1 | D        | Found the +18 shield of the Gong {rElec rN+ Will+ EV-5}
     1 | D        | Found the cursed +14 obsidian axe {vorpal, +Fly SInv
                  | *Curse}
     1 | D        | Found the +7 great mace "Firestarter" {inner flame, rF++}
     1 | D        | Found the +6 shillelagh "Devastator" {shatter}
     1 | D        | Found the +11 plutonium sword {*Contam Stlth-}
     1 | D        | Found the +8 lance "Wyrmbane" {slay drac, rPois rF+ rC+
                  | AC+3}
     1 | D        | Found the +9 sword of Zonguldrok {reap}
     1 | D        | Found the cursed +13 scythe of Curses {drain, *Curse}
     1 | D        | Found the +0 sword of Power
     1 | D        | Found the +7 mace of Variability {chain chaos}
     1 | D        | Found the +7 Singing Sword {vorpal, sonic wave}
     1 | D        | Found the +8 storm bow {elec, penet}
     2 | D        | Found an ancient bone altar of Kikubaaqudgha.
     2 | D        | Found a transporter.
     2 | D        | Found a corrupted altar of Lugonu.
     2 | D        | Found a viscous altar of Jiyva.
     2 | D        | Found a burning altar of Makhleb.
     2 | D        | Found a hazy altar of Hepliaklqana.
     2 | D        | Found an opulent altar of Gozag.
     3 | D        | Reached XP level 2. HP: 18/18 MP: 4/7
    92 | D        | Became a worshipper of Sif Muna the Loreminder
   107 | D        | Entered arena 2.
   107 | D        | Found a transporter.
   113 | D        | Reached skill level 1 in Long Blades
   117 | D        | Entered arena 3.
   117 | D        | Noticed an eye of draining
   117 | D        | Found a transporter.
   120 | D        | Reached * piety under Sif Muna
   121 | D        | Reached skill level 5 in Transmutations
   121 | D        | Reached XP level 3. HP: 23/23 MP: 0/9
   121 | D        | Killed an eye of draining
   122 | D        | Reached skill level 5 in Spellcasting
   122 | D        | Reached skill level 5 in Earth Magic
   122 | D        | Reached XP level 4. HP: 28/28 MP: 0/11
   122 | D        | Reached XP level 5. HP: 33/33 MP: 0/13
   127 | D        | Entered arena 4.
   127 | D        | Noticed a hornet
   127 | D        | Noticed an orc knight
   127 | D        | Noticed an ironbrand convoker
   127 | D        | Found a transporter.
   133 | D        | Killed a hornet
   133 | D        | Reached ** piety under Sif Muna
   134 | D        | Reached skill level 5 in Long Blades
   134 | D        | Reached XP level 6. HP: 12/38 MP: 1/16
   135 | D        | Noticed a harpy
   135 | D        | Noticed Bephie the pandemonium lord
   136 | D        | Noticed a great orb of eyes
   136 | D        | Noticed an ice devil
   136 | D        | Noticed a mummy priest
   137 | D        | Killed an orc knight
   137 | D        | Killed a harpy
   137 | D        | Reached *** piety under Sif Muna
   138 | D        | Reached XP level 7. HP: 37/43 MP: 1/19
   138 | D        | Reached XP level 8. HP: 41/48 MP: 1/21
   138 | D        | Noticed a flying skull
   138 | D        | Noticed a jiangshi
   138 | D        | Slain by Bephie the pandemonium lord

Illustrated notes

Levels and vault maps discovered:
D:        sprint_v [room_start, room_1, room_2, room_3, room_4, room_5, room_6,
          room_7, room_8, room_9, room_10, room_11, room_12, room_13, room_14,
          room_15, room_16, room_17, room_18, room_19, room_20, room_21,
          room_22, room_23, room_24, room_25, room_26, room_27]

Skill      XL: |  1  2  3  4  5  6 |
---------------+-------------------+-----
Spellcasting   | 4 5 7 9 |  9.0
Transmutations | 4 5 6 7 9 |  9.7
Earth Magic    | 4 5 7 9 |  9.3
Long Blades    | 2 3 5 8 |  8.0
Fighting       | |  1.0
Dodging        | |  2.0
Unarmed Combat | |  3.0

Action                   |  1- 3 |  4- 6 |  7- 9 || total
-------------------------+-------+-------+-------++-------
Melee: Double sword      |     5 |     4 |       ||     9
       Constrict         |     2 |     3 |       ||     5
       Tentacles         |     1 |     3 |       ||     4
       Punch             |     1 |       |       ||     1
  Use: Potion            |     5 |     3 |     1 ||     9
 Stab: Invisible         |       |     1 |       ||     1
Dodge: Dodged            |     2 |    15 |     1 ||    18
       Rpst.: Double sword |       |     4 |       ||     4

Table legend: (Time is in decaauts)
 A = Elapsed time spent in this place.
 B = Non-inter-level travel time spent in this place.
 C = Inter-level travel time spent in this place.
 D = Time resting spent in this place.
 E = Time spent auto-exploring this place.
 F = Levels seen in this place.
 G = Mean time per level.
                   A        B        C        D        E       F      G
               +--------+--------+--------+--------+--------+-----+--------+
         Total |    125 |    125 |      0 |      0 |     49 |   1 |  125.0 |
       Dungeon |    125 |    125 |      0 |      0 |     49 |   1 |  125.0 |
               +--------+--------+--------+--------+--------+-----+--------+

Top non-repeatable levels by time:
       D: 125 daAuts
